 Dungeon Crawl Stone Soup version 0.31-a0-986-g5e6e4ef867 (webtiles) character file.

Game seed: 7190486987164117781

38869 grandjackal the Fey Demonspawn (level 13, -2/73 (77) HPs)
             Began as a Demonspawn Gladiator on Nov 17, 2023.
             Was an Initiate of Yredelemnul.
             Slain by a lich (5 damage)
             ... on level 3 of the Abyss.
             The game lasted 00:29:03 (17132 turns).

grandjackal the Fey Demonspawn (DsGl)              Turns: 17132, Time: 00:29:04

HP:   -2/73 (77)    AC: 22    Str: 17      XL:     13   Next: 66%
MP:   0/19          EV: 15    Int:  5 (9)  God:    Yredelemnul [......]
Gold: 1044          SH:  0    Dex: 17      Spells: 12/12 levels left

rFire   + . .        Q - +9 long sword
rCold   + . .        (no shield)
rNeg    . . .        S - +3 leather armour {rF+}
rPois   .            c - +0 helmet
rElec   +            (no cloak)
rCorr   .            (no gloves)
SInv    .            O - +2 pair of boots of the Pit {rElec Will++ Dex+3}
Will    ++...        t - amulet of guardian spirit
Stlth   +            w - +4 ring of protection
HPRegen 0.32/turn    H - ring of protection from cold
MPRegen 0.16/turn

%: random rage (3%), guardian spirit
@: sanguine armoured, on berserk cooldown, slowed, drained, very slow
A: foul stench 3, spiny 2, sanguine armour 2, weakness stinger 2, no potion heal
1, [berserk 1], [clumsy 2], [deformed body], [frail 3], [low MP 2]
a: Renounce Religion, Recall Undead Harvest


You were on level 3 of the Abyss.
You worshipped Yredelemnul.
Yredelemnul was pleased with you.
You visited 3 branches of the dungeon, and saw 18 of its levels.
You visited the Abyss 1 time.

You collected 1044 gold pieces.

Inventory:

Hand Weapons
 j - a +4 short sword
 A - a +4 dagger
 F - a +0 dagger of venom
 Q - a +9 long sword (weapon)
Missiles
 d - 8 throwing nets (quivered)
 e - a javelin
 B - 2 silver javelins
Armour
 c - a +0 helmet (worn)
 s - a +2 buckler of fire resistance
 O - the +2 pair of boots of the Pit (worn) {rElec Will++ Dex+3}
   (You found it on level 2 of the Lair of Beasts)

   Dex+3:     It affects your dexterity (+3).
   rElec:     It insulates you from electricity.
   Will++:    It greatly increases your willpower.
 S - a +3 leather armour of fire resistance (worn)
Jewellery
 t - an amulet of guardian spirit (around neck)
 w - a +4 ring of protection (left hand)
 E - an amulet of faith
 H - a ring of protection from cold (right hand)
 T - a ring of see invisible
Wands
 C - a wand of quicksilver (13)
 I - a wand of iceblast (6)
 L - a wand of paralysis (6)
 P - a wand of flame (7)
 R - a wand of polymorph (4)
 U - a wand of digging (2)
Scrolls
 b - a scroll of vulnerability
 g - 3 scrolls of amnesia {unknown}
 h - 4 scrolls of fear {unknown}
 l - a scroll of poison
 m - 3 scrolls of noise {unknown}
 p - 2 scrolls of brand weapon {unknown}
 q - a scroll of teleportation
 r - 3 scrolls of blinking {unknown}
 u - 3 scrolls of butterflies
 v - a scroll of fog
 x - 3 scrolls of revelation {unknown}
 y - a scroll of enchant weapon
 z - 3 scrolls of immolation {unknown}
 M - 2 scrolls of enchant armour
 N - a scroll of silence
Potions
 a - 2 potions of might
 f - 6 potions of mutation
 i - 4 potions of heal wounds
 k - 2 potions of lignification
 n - a potion of brilliance
 D - 2 potions of attraction
 G - 2 potions of invisibility
 J - 3 potions of curing
 K - 2 potions of ambrosia


   Skills:
 + Level 13.3 Fighting
 + Level 12.3 Long Blades
 - Level 2.0 Throwing
 - Level 6.4 Armour
 - Level 6.0 Dodging
 - Level 4.0 Shields
 + Level 14.5 Invocations


You had 12 spell levels left.
You didn't know any spells.
Your spell library contained the following spells:

 Spells                   Type           Power      Damage    Failure   Level
 Freeze                   Ice            0%         1d3       54%         1
 Ensorcelled Hibernation  Hex/Ice        0%         N/A       67%         2
 Passwall                 Tmut/Erth      0%         N/A       67%         2
 Frozen Ramparts          Ice            0%         1d1       88%         3
 Gell's Gravitas          Tloc           0%         N/A       88%         3
 Hailstorm                Conj/Ice       0%         3d3       88%         3
 Ignite Poison            Fire/Tmut/Pois 0%         N/A       88%         3
 Swiftness                Air            0%         N/A       88%         3
 Teleport Other           Tloc           0%         N/A       88%         3
 Volatile Blastmotes      Fire/Tloc      0%         2d10      88%         3
 Sticky Flame             Conj/Fire      0%         2d3       99%         4
 Dispersal                Tloc           0%         N/A       100%        6
 Plasma Beam              Fire/Air       0%         2x1d10    100%        6
 Ignition                 Fire           0%         3d3       100%        8
 Chain Lightning          Conj/Air       0%         N/A       100%        9
 Fire Storm               Conj/Fire      0%         5d1       100%        9
 Shatter                  Erth           0%         3d5*      100%        9


Dungeon Overview and Level Annotations

Branches:
Dungeon (14/15)            Temple (1/1) D:4            Lair (3/5) D:9
 Shoals (0/4) Lair:2       Spider (0/4) Lair:2          Orc (0/2) D:12
 Vaults (0/5) D:13

Altars:
Ashenzari
Cheibriados
Dithmenos
Fedhas
Gozag
Hepliaklqana
Kikubaaqudgha
Makhleb
Nemelex Xobeh
Okawaru
Qazlal
Ru
Sif Muna
Trog
Uskayaw
Vehumet
Wu Jian
Xom
Yredelemnul

Shops:
D:4 =

Annotations:
D:2 1 runed translucent door, Crazy Yiuf
D:4 Edmund
D:12 exclusion: statue
Lair:3 Sonja


Innate Abilities, Weirdness & Mutations

You frequently emit foul miasma when damaged in melee.
You are mostly covered in sharp spines.
When seriously injured, your blood forms thick armour. (AC +9)
You have a tail ending in a sharp stinger.
Potions are less effective at restoring your health.
[You sometimes lose your temper in combat.]
[You are very clumsy. (Dex -4)]
[Armour fits poorly on your strangely shaped body.]
[You are extremely frail. (-30% HP)]
[Your magical capacity is very low. (-20% MP)]


Message History

The lich gestures at you while chanting.
You resist with almost no effort.
The lich mumbles some strange words.
The lich flickers and vanishes!
Deactivating autopickup; reactivate with Ctrl-A.
You miss something. Something touches you.
You feel drained.
You emit a cloud of foul miasma!
Your spectral ynoxinul hits something.
Something touches you but does no damage.
Unknown command.
You barely miss something. You punch something.
Something hits your spectral ynoxinul.
Your spectral ynoxinul is destroyed!
You hear some strange, mumbled words.
A bolt of cold appears from out of thin air!
The bolt of cold hits you!! You resist.
* * * LOW HITPOINT WARNING * * *
You barely miss something. Something touches you.
* * * LOW HITPOINT WARNING * * *
Something touches you.
* * * LOW HITPOINT WARNING * * *
You feel drained.
Unknown command.
You closely miss something.
Something touches you but does no damage.
Something touches you.
* * * LOW HITPOINT WARNING * * *
You feel drained.
* * * LOW HITPOINT WARNING * * *
Unknown command.
You slash something! You tail-slap something.
Something touches you but does no damage.
Something touches you!
* * * LOW HITPOINT WARNING * * *
Unknown command.
You hit something.
Your tail-slap misses something.
Something touches you but does no damage.
Unknown command.
You closely miss something. Something touches you!
You die...
Your body rises from the dead as a mindless zombie.

#.#.. #..# . #...#.##
### . . ....# #.#.#
#§##.#. .
#.....#.#..##.#. .3# #
... ..#.3......## #..
#..#..§##Z.#..###..#.°
. #.. #..#..#3#...##..
. . #...#
####{.......# . .
..... #.@##.#.####.
...## #.#.# # #.# . .
. #.. #..#.#.. . .##
#.. #. .# # .. . ..#
##.#. . . . . . .. .#
# ## .


You could see a smoke demon.

Vanquished Creatures
  Frances (D:13)
  Josephine (D:13)
  A hydra (D:14)
  A vault guard (D:13)
  A boulder beetle (D:14)
  A dancing weapon (D:13)
  A two-headed ogre (D:9)
  A thrashing horror (Abyss:3)
  Nergalle (Lair:2)
  2 large abominations (Abyss:3)
  2 manticores
  A cyclops (D:12)
  3 ugly things (D:13)
  8 elephants
  3 black mambas
  6 cane toads
  3 unseen horrors
  5 komodo dragons
  3 trolls
  Prince Ribbit (D:7)
  8 blink frogs
  A slime creature (D:13)
  2 jumping spiders (Lair:2)
  2 shadows
  2 wyverns
  A dire elephant simulacrum (Abyss:3)
  5 wraiths
  19 yaks
  2 basilisks
  2 redbacks (Lair:2)
  A chaos spawn (Abyss:3)
  A neqoxec (Abyss:2)
  2 steam dragons
  4 vampire mosquitoes (D:13)
  3 wargs (D:9)
  8 water moccasins
  5 black bears
  2 orc warriors
  A sky beast (D:8)
  An ogre (D:5)
  4 centaurs
  15 wolves
  A kobold brigand (D:7)
  2 phantoms (D:5)
  A gnoll sergeant (D:9)
  7 bullfrogs
  2 scorpions
  5 wights
  3 killer bees (D:10)
  An electric eel (Lair:2)
  5 howler monkeys
  3 hounds
  2 gnoll boudas
  13 orc priests
  A jelly (D:3)
  5 iguanas
  14 orc wizards
  Robin (D:2)
  12 adders
  21 gnolls
  2 white imps
  An ufetubus (D:7)
  2 dart slugs
  62 orcs
  4 bats
  8 endoplasms
  2 giant cockroaches
  14 goblins
  7 hobgoblins
  13 kobolds
  3 quokkas
  5 ball pythons
  3 frilled lizards
  4 rats
366 creatures vanquished.

Vanquished Creatures (collateral kills)
  Harold (D:10)
  A centaur warrior (D:13)
  2 two-headed ogres
  3 elephants
  2 black mambas
  A rime drake (Lair:3)
  A komodo dragon (Lair:2)
  A troll (D:10)
  A blink frog (Lair:3)
  2 wraiths (D:13)
  A ynoxinul (Abyss:3)
  6 yaks
  2 basilisks (Lair:1)
  2 steam dragons
  A water moccasin (Lair:1)
  A wolf (Lair:1)
  2 centaurs
  A kobold brigand (D:10)
  2 bullfrogs (Lair:1)
  2 orc priests (D:11)
  A white imp (D:7)
  An ufetubus (D:7)
  9 orcs
  3 kobolds
  An orc zombie (D:9)
50 creatures vanquished.

Vanquished Creatures (others)
  An unseen horror zombie (D:12)
  A boulder beetle zombie (D:14)
  An elephant zombie (Lair:3)
  A spectral chaos spawn (Abyss:3)
  A spectral ynoxinul (Abyss:3)
  A wyvern zombie (Lair:2)
  2 warg zombies (D:9)
  4 water moccasin zombies
  5 wolf zombies
  A basilisk zombie (Lair:2)
  2 centaur zombies
  2 killer bee zombies (D:10)
  A howler monkey zombie (D:7)
  An iguana zombie (D:7)
  4 gnoll zombies
  2 kobold zombies (D:7)
  12 orc zombies
  A spectral ufetubus (D:7)
43 creatures vanquished.

Grand Total: 459 creatures vanquished

Notes
Turn   | Place    | Note
-------+----------+-------------------------------------------
     0 | D:1      | grandjackal the Demonspawn Gladiator began the quest for
                  | the Orb.
     0 | D:1      | Reached XP level 1. HP: 16/16 MP: 1/1
   118 | D:1      | Gained mutation: You may rarely emit foul miasma when
                  | damaged in melee. [demonic ancestry]
   118 | D:1      | Reached XP level 2. HP: 22/22 MP: 2/2
   343 | D:1      | HP: 1/23 [gnoll/+0 flail (3)]
   448 | D:2      | Reached XP level 3. HP: 18/28 MP: 3/3
   632 | D:2      | Noticed Robin
   806 | D:2      | Killed Robin
   815 | D:2      | Gained mutation: You have a small tail. [demonic ancestry]
   815 | D:2      | Reached XP level 4. HP: 17/35 MP: 4/4
  1247 | D:2      | Found a faded altar of an unknown god.
  1530 | D:2      | Found a runed translucent door.
  1531 | D:2      | Noticed Crazy Yiuf
  1776 | D:3      | Reached XP level 5. HP: 40/41 MP: 5/5
  2675 | D:4      | Noticed Edmund
  2906 | D:4      | Reached XP level 6. HP: 48/48 MP: 6/6
  3285 | D:4      | Found a staircase to the Ecumenical Temple.
  3494 | D:4      | Found Peuwusch's Jewellery Shoppe.
  3713 | Temple   | Entered the Ecumenical Temple
  3770 | D:5      | Entered Level 5 of the Dungeon
  3809 | D:5      | Gained mutation: When seriously injured, your blood forms
                  | armour. (AC +9) [demonic ancestry]
  3809 | D:5      | Reached XP level 7. HP: 50/55 MP: 7/7
  3824 | D:5      | Reached skill level 5 in Fighting
  3832 | D:5      | Reached skill level 5 in Dodging
  3838 | D:5      | Reached skill level 5 in Long Blades
  4087 | D:5      | Gained mutation: When seriously injured, your blood forms
                  | thick armour. (AC +9) [demonic ancestry]
  4087 | D:5      | Reached XP level 8. HP: 50/64 MP: 6/8
  5184 | D:6      | Reached skill level 1 in Armour
  5976 | D:6      | Found a sacrificial altar of Ru.
  5976 | D:6      | Found a basalt altar of Yredelemnul.
  5976 | D:6      | Found a bloodstained altar of Trog.
  5976 | D:6      | Found an ancient bone altar of Kikubaaqudgha.
  5990 | D:6      | Found a shimmering blue altar of Sif Muna.
  5990 | D:6      | Found a sparkling altar of Nemelex Xobeh.
  5991 | D:6      | Found a stormy altar of Qazlal.
  5991 | D:6      | Found a broken altar of Ashenzari.
  6033 | D:6      | Became a worshipper of Yredelemnul the Dark
  6310 | D:7      | Reached skill level 1 in Invocations
  6550 | D:7      | Gained mutation: You sometimes emit foul miasma when
                  | damaged in melee. [demonic ancestry]
  6550 | D:7      | Reached XP level 9. HP: 72/72 MP: 9/9
  6571 | D:7      | Found an iron altar of Okawaru.
  6580 | D:7      | Reached * piety under Yredelemnul
  6656 | D:7      | Reached ** piety under Yredelemnul
  6788 | D:7      | Reached skill level 2 in Invocations
  7121 | D:7      | Found the +5 Force Lance {heavy, knockback}
  7274 | D:7      | Reached skill level 3 in Invocations
  7276 | D:7      | Noticed Prince Ribbit
  7279 | D:7      | Killed Prince Ribbit
  7836 | D:8      | Reached skill level 4 in Invocations
  8294 | D:8      | Reached skill level 5 in Invocations
  8903 | D:9      | Found a staircase to the Lair.
  8928 | D:9      | Gained mutation: You are partially covered in sharp spines.
                  | [demonic ancestry]
  8928 | D:9      | Reached XP level 10. HP: 46/80 MP: 10/14
  9277 | D:9      | Noticed a two-headed ogre
  9291 | D:9      | Killed a two-headed ogre
  9292 | D:9      | Reached skill level 5 in Armour
  9292 | D:9      | Reached skill level 6 in Invocations
  9792 | D:10     | Entered Level 10 of the Dungeon
 10338 | D:10     | Reached skill level 7 in Invocations
 10343 | D:10     | Reached *** piety under Yredelemnul
 10350 | D:10     | Reached **** piety under Yredelemnul
 10556 | D:10     | Noticed Harold
 10569 | D:10     | Killed Harold
 10570 | D:10     | Reached ***** piety under Yredelemnul
 10781 | D:11     | Identified the "Guinle"
 11152 | D:11     | Reached skill level 8 in Invocations
 11381 | D:11     | Noticed a manticore
 11389 | D:11     | Killed a manticore
 11390 | D:11     | Gained mutation: You have a tail ending in a sharp stinger.
                  | [demonic ancestry]
 11390 | D:11     | Reached XP level 11. HP: 81/89 MP: 14/17
 11829 | D:12     | Noticed a two-headed ogre
 11837 | D:12     | Killed a two-headed ogre
 11975 | D:12     | Found a staircase to the Orcish Mines.
 12029 | D:12     | Reached skill level 9 in Invocations
 12313 | D:12     | Reached skill level 10 in Fighting
 12401 | D:12     | Found a radiant altar of Vehumet.
 12727 | D:13     | Noticed Josephine
 12746 | D:13     | Killed Josephine
 12894 | D:13     | Noticed a cyan ugly thing
 12903 | D:13     | Killed a cyan ugly thing
 12946 | D:13     | Reached skill level 10 in Invocations
 12999 | D:13     | Noticed a centaur warrior
 13005 | D:13     | Killed a centaur warrior
 13070 | D:13     | Noticed a two-headed ogre
 13075 | D:13     | Killed a two-headed ogre
 13076 | D:13     | Reached skill level 10 in Long Blades
 13141 | D:13     | Found a gate to the Vaults.
 13141 | D:13     | Noticed a vault guard
 13141 | D:13     | Noticed a +9 long sword
 13145 | D:13     | Killed a +9 long sword
 13155 | D:13     | Killed a vault guard
 13293 | D:13     | Noticed a green ugly thing
 13305 | D:13     | Killed a green ugly thing
 13397 | D:13     | Reached skill level 11 in Invocations
 13511 | D:13     | Noticed a green ugly thing
 13521 | D:13     | Killed a green ugly thing
 13522 | D:13     | Gained mutation: You frequently emit foul miasma when
                  | damaged in melee. [demonic ancestry]
 13522 | D:13     | Reached XP level 12. HP: 100/100 MP: 18/20
 13679 | D:13     | Noticed Frances
 13692 | D:13     | Killed Frances
 14069 | D:14     | Noticed a boulder beetle
 14082 | D:14     | Killed a boulder beetle
 14230 | D:14     | Noticed a four-headed hydra
 14239 | D:14     | Killed a four-headed hydra
 14467 | Lair:1   | Entered Level 1 of the Lair of Beasts
 14623 | Lair:1   | Reached skill level 12 in Invocations
 14731 | Lair:1   | You fall into a shaft and drop 1 floor!
 14732 | Lair:2   | Noticed Nergalle
 14746 | Lair:2   | Killed Nergalle
 14876 | Lair:2   | Found a staircase to the Shoals.
 15082 | Lair:1   | Reached skill level 1 in Shields
 15161 | Lair:1   | Reached skill level 13 in Invocations
 15364 | Lair:1   | Reached ****** piety under Yredelemnul
 15667 | Lair:2   | Gained mutation: You are mostly covered in sharp spines.
                  | [demonic ancestry]
 15667 | Lair:2   | Reached XP level 13. HP: 78/109 MP: 16/22
 15992 | Lair:2   | Identified the +2 pair of boots of the Pit {rElec Will++
                  | Dex+3}
 16119 | Lair:2   | Found a hole to the Spider Nest.
 16433 | Lair:3   | Reached skill level 14 in Invocations
 16780 | Lair:3   | Noticed Sonja
 16802 | Abyss:1  | Cast into level 1 of the Abyss (Sonja)
 16817 | Abyss:2  | Noticed a lich
 16817 | Abyss:2  | Noticed a lich
 16817 | Abyss:2  | Noticed a starcursed mass
 16961 | Abyss:2  | Gained mutation: Potions are less effective at restoring
                  | your health. [a neqoxec]
 17039 | Abyss:3  | Noticed a tentacled starspawn
 17061 | Abyss:3  | Found a corrupted altar of Lugonu.
 17108 | Abyss:3  | Noticed a lich
 17130 | Abyss:3  | HP: 2/73 [something (5)]
 17132 | Abyss:3  | Slain by a lich

Illustrated notes

Levels and vault maps discovered:
D:1:      onia_arrival_pyramid, layout_basic, minmay_heptomino_h4
D:2:      layout_rooms, chequers_ecumenical_altar_island,
          uniq_crazy_yiuf_cottage, uniq_robin
D:3:      layout_basic, minmay_misc_feat_square
D:4:      layout_rooms, minmay_temple_entry_overgrown, nicolae_stop_n_shop_2,
          interstate_on_off, kennysheep_potato, uniq_edmund
D:5:      kennysheep_big_flooded_room, layout_layer_cave
D:6:      layout_basic, nicolae_overflows_in_rows
D:7:      layout_loops_corners, mainiacjoe_overflow_paths, uniq_prince_ribbit1
D:8:      layout_basic, kennysheep_generic_room_7
D:9:      layout_basic, erik_lair_orcish_takeover
D:10:     layout_roguey, uniq_harold
D:11:     layout_small_grid
D:12:     layout_cave_pools, hiddenorc2_lemuel, vehumet_statue
D:13:     layout_roguey, erik_vaults_1, uniq_josephine, uniq_frances
D:14:     nicolae_cairo_tiling_large_dashed, layout_grid_maze,
          nicolae_ru_sacrificial_ziggurat, nicolae_trove_entry_free_sample,
          lemuel_flamethrower_3
Temple:   hellmonk_temple_flake
Lair:1:   layout_cave_shapes, nicolae_lair_grove_arrangements
Lair:2:   layout_big_grid, shoals_dummy_entry, spider_nest_entry_a,
          serial_bayou_ford_a, uniq_nergalle
Lair:3:   layout_regular_city, grunt_megastairs_1, serial_bayou_shore_b,
          uniq_sonja
Abyss:3:  base: Temple, bh_abyss_exit_grid, minivault_25_ag,
          hangedman_abyss_or_decor_stagger, hangedman_abyss_or_decor_stagger,
          nicolae_abyss_rune_star_stuff

Skill      XL: |  1  2  3  4  5  6  7  8  9 10 11 12 13 |
---------------+----------------------------------------+-----
Throwing       | 2 |  2.0
Long Blades    | 3 4 5 6 7 8 10 11 12 | 12.3
Dodging        | 3 4 5 6 |  6.0
Fighting       | 3 4 5 7 8 9 11 12 13 | 13.3
Armour         | 2 4 6 |  6.4
Invocations    | 1 5 8 11 13 14 | 14.5
Shields        | 2 4 |  4.0

Action                     |  1- 3 |  4- 6 |  7- 9 | 10-12 | 13-15 || total
---------------------------+-------+-------+-------+-------+-------++-------
  Melee: Long sword        |    85 |   163 |   448 |   456 |   155 ||  1307
         Tailslap          |       |    28 |    79 |   100 |    39 ||   246
         Punch             |       |     1 |    11 |     6 |     5 ||    23
         Dagger            |       |       |       |    12 |       ||    12
 Invoke: Dark Bargain      |       |       |       |     2 |       ||     2
  Evoke: Wand              |       |       |       |     1 |     3 ||     4
    Use: Scroll            |       |     3 |     3 |     9 |     4 ||    19
         Potion            |       |     4 |       |     2 |     1 ||     7
   Stab: Distracted        |       |       |       |     1 |     3 ||     4
         Paralysed         |       |       |       |     3 |       ||     3
         Invisible         |       |       |       |     2 |       ||     2
         Sleeping          |       |       |       |     1 |       ||     1
 Armour: Leather armour    |    94 |       |       |   162 |   130 ||   386
         Ring mail         |       |   131 |   341 |   259 |       ||   731
  Dodge: Dodged            |   122 |   112 |   356 |   331 |    96 ||  1017

Table legend: (Time is in decaauts)
 A = Elapsed time spent in this place.
 B = Non-inter-level travel time spent in this place.
 C = Inter-level travel time spent in this place.
 D = Time resting spent in this place.
 E = Time spent auto-exploring this place.
 F = Levels seen in this place.
 G = Mean time per level.
                   A        B        C        D        E       F      G
               +--------+--------+--------+--------+--------+-----+--------+
         Total |  17219 |  16434 |    785 |   2600 |  10412 |  21 |  820.0 |
       Dungeon |  14554 |  13822 |    732 |   2139 |   9016 |  14 | 1039.6 |
        Temple |     27 |     27 |      0 |      0 |      0 |   1 |   27.0 |
          Lair |   2308 |   2256 |     52 |    353 |   1395 |   3 |  769.3 |
         Abyss |    329 |    329 |      0 |    108 |      0 |   3 |  109.7 |
               +--------+--------+--------+--------+--------+-----+--------+

Top non-repeatable levels by time:
    D:13: 1515 daAuts
     D:3: 1407 daAuts
     D:7: 1300 daAuts
     D:6: 1288 daAuts
     D:5: 1219 daAuts
     D:8: 1079 daAuts
     D:9: 1068 daAuts
    D:10: 1017 daAuts
    D:12: 1012 daAuts
  Lair:2: 1004 daAuts
    D:11: 895 daAuts
  Lair:1: 886 daAuts
     D:4: 872 daAuts
     D:1: 847 daAuts
     D:2: 797 daAuts
